 Dungeon Crawl Stone Soup version 0.30-b1-2-g02819fbbbe (webtiles) character file.

Game seed: 4931043430169495709

109 Mesmaeker13 the Digger (level 4, -1/33 HPs)
             Began as a Demigod Earth Elementalist on June 18, 2023.
             Killed from afar by Natasha (8 damage)
             ... with a magic dart
             ... on level 2 of the Dungeon.
             The game lasted 00:04:01 (2145 turns).

Mesmaeker13 the Digger (Demigod Earth Elementalist) Turns: 2145, Time: 00:04:02

Health: -1/33      AC:  3    Str: 15    XL:     4   Next: 34%
Magic:  4/10       EV: 13    Int: 21    God:
Gold:   89         SH:  0    Dex: 14    Spells: 7/8 levels left

rFire   . . .        q - +1 whip (elec)
rCold   . . .        (no shield)
rNeg    . . .        a - +0 robe
rPois   .            (no helmet)
rElec   .            (no cloak)
rCorr   .            (no gloves)
SInv    .            s - +0 pair of boots
Will    .....        (no amulet)
Stlth   ++           o - +6 ring of strength
HPRegen 0.25/turn    (no ring)
MPRegen 0.12/turn

%: no passive effects
@: very slightly contaminated
A: high MP 1, forlorn, divine attributes
a: no special abilities


You were on level 2 of the Dungeon.
You visited 1 branch of the dungeon, and saw 3 of its levels.

You collected 89 gold pieces.

Inventory:

Hand Weapons
 h - a +0 long sword
 q - a +1 whip of electrocution (weapon)
Missiles
 c - 5 poisoned darts (quivered)
Armour
 a - a +0 robe (worn)
 n - a +2 buckler
 s - a +0 pair of boots (worn)
Jewellery
 o - a +6 ring of strength (left hand)
Scrolls
 e - a scroll of magic mapping {unknown}
 f - a scroll of poison {unknown}
 g - 2 scrolls of noise {unknown}
 j - 2 scrolls of identify {unknown}
 k - a scroll of enchant weapon {unknown}
 l - 3 scrolls of enchant armour {unknown}
 m - 2 scrolls of teleportation {unknown}
 p - 2 scrolls of torment {unknown}
Potions
 b - a potion of magic
 d - 2 potions of heal wounds {unknown}
 i - 2 potions of curing {unknown}
 r - a potion of mutation {unknown}


   Skills:
 + Level 2.9 Dodging
 - Level 1.7 Stealth
 + Level 2.7 Spellcasting
 - Level 0.8 Transmutations
 + Level 3.5 Earth Magic


You had 7 spell levels left.
You knew the following spells:

 Your Spells              Type           Power      Damage    Failure   Level
a - Sandblast             Erth           34%        2d9       3%          1

Your spell library contained the following spells:

 Spells                   Type           Power      Damage    Failure   Level
 Passwall                 Tmut/Erth      10%        N/A       9%          2
 Cigotuvi's Dreadful Rot  Necr/Pois/Air  4%         N/A       21%         2
 Stone Arrow              Conj/Erth      20%        3d8       21%         3
 Ignite Poison            Fire/Tmut/Pois 4%         N/A       36%         3
 Petrify                  Tmut/Erth      12%        N/A       50%         4
 Freezing Cloud           Conj/Ice/Air   1%         6-21      98%         5


Dungeon Overview and Level Annotations

Branches:
Dungeon (3/15)

Shops:
D:1 [   D:3 :*

Annotations:
D:2 Natasha
D:3 Robin


Innate Abilities, Weirdness & Mutations

You have an increased reservoir of magic. (+10% MP)
You shall have no god before yourself.
Your divine heritage dramatically boosts your attributes as you level up.


Message History

Press: ? - help, Shift-Dir - straight line, f/p - goblin
Aim: a goblin, wielding a +0 club (77% to hit)
You miscast Sandblast.
You are very lightly contaminated with residual magic.
Nothing appears to happen.
The goblin hits you with a +0 club.
Unknown command.
Natasha looks more healthy.
The cerulean imp misses you. Natasha claws you but does no damage.
The goblin hits you but does no damage.
You climb upwards.
The cerulean imp disappears in a puff of smoke!
There is a stone staircase leading down here.
Casting: Sandblast (safe; 3% risk of failure)
Confirm with . or Enter, or press ? or * to list all spells.
Aiming: Sandblast (safe; 3% risk of failure)
Press: ? - help, Shift-Dir - straight line, f - goblin
Aim: a goblin, wielding a +0 club (77% to hit)
The blast of sand hits the goblin.
You kill the goblin!
Natasha claws you! Natasha casts a spell at you. The magic dart hits you!
* * * LOW HITPOINT WARNING * * *
Casting: Sandblast (safe; 3% risk of failure)
Confirm with . or Enter, or press ? or * to list all spells.
Aiming: Sandblast (safe; 3% risk of failure)
Press: ? - help, Shift-Dir - straight line, f - Natasha
Aim: Natasha (lightly wounded, 77% to hit)
You miscast Sandblast.
Nothing appears to happen.
Natasha claws you but does no damage.
Unknown command.
Casting: Sandblast (safe; 3% risk of failure)
Confirm with . or Enter, or press ? or * to list all spells.
Aiming: Sandblast (safe; 3% risk of failure)
Press: ? - help, Shift-Dir - straight line, f/p - Natasha
Aim: Natasha (lightly wounded, 77% to hit)
The blast of sand hits Natasha!
Natasha is almost dead.
Natasha stares at you and mumbles some strange words.
The magic dart hits you!
You die...

####### ########......
###########.............
#.......................
#...................(...
#.....)...........######
#......@..........## #.
#...^...h.........(# #.
#..................# ##.
#..........###.###.###..
#..........# #.###......
####.##########
#..######.# #......#
##.##.....# #...)..#
#.##....## #......#
#.....).##


You could see Natasha.

Vanquished Creatures
  Natasha (D:3)
  2 adders
  2 dart slugs (D:2)
  An orc (D:2)
  4 ball pythons
  3 endoplasms
  14 goblins
  4 hobgoblins
  7 jackals
  8 kobolds
  4 bats
  A frilled lizard (D:2)
  2 rats
53 creatures vanquished.

Notes
Turn   | Place    | Note
-------+----------+-------------------------------------------
     0 | D:1      | Mesmaeker13 the Demigod Earth Elementalist began the quest
                  | for the Orb.
     0 | D:1      | Reached XP level 1. HP: 14/14 MP: 5/5
   500 | D:1      | Found Kywus's Armour Shop.
   967 | D:2      | Reached XP level 2. HP: 18/20 MP: 2/7
  1038 | D:2      | Reached skill level 3 in Earth Magic
  1279 | D:2      | Reached XP level 3. HP: 26/26 MP: 5/9
  1704 | D:3      | Found Loag's Book Shop.
  1786 | D:3      | Found Xourghyl's General Store.
  1820 | D:3      | Noticed Robin
  1976 | D:3      | Noticed Natasha
  2073 | D:3      | Killed Natasha
  2074 | D:3      | Reached XP level 4. HP: 21/33 MP: 5/10
  2132 | D:3      | Noticed Natasha
  2145 | D:2      | Killed from afar by Natasha

Illustrated notes

Levels and vault maps discovered:
D:1:      matt_arrival_spirals, layout_basic, serial_shops, shop
D:2:      layout_rooms, item_on_display_a
D:3:      layout_rooms, gammafunk_ghost_nasty_kobolds, serial_shops,
          nicolae_shop_real_fake_doors, shop, nicolae_shop_advertising_works
          [nicolae_subvault_shop_adworks], nicolae_shop_hallway_stairs,
          nicolae_shop_tiny_real_fake_doors, chequers_hall_statues_wall_a,
          supply_closet_lemuel, corner_web_ring, uniq_natasha, uniq_jessica,
          uniq_robin

Skill      XL: |  1  2 |
---------------+-------+-----
Dodging        | 2 |  2.9
Spellcasting   | 2 |  2.7
Earth Magic    | 3 |  3.5
Stealth        | |  1.7
Transmutations | |  0.8

Action                     |  1- 3 |  4- 6 || total
---------------------------+-------+-------++-------
  Melee: Long sword        |     9 |       ||     9
         Whip              |     1 |       ||     1
  Throw: Dart              |       |     1 ||     1
   Cast: Sandblast         |    73 |     7 ||    80
 Armour: Robe              |    11 |     3 ||    14
  Dodge: Dodged            |    42 |     4 ||    46
